 Dungeon Crawl Stone Soup version 0.30.0-17-ge0270778cf (webtiles) character file.

Game seed: 8502307718796851377

283 NateTC the Trooper (level 6, -1/58 HPs)
             Began as a Minotaur Fighter on May 21, 2023.
             Slain by a bullfrog (5 damage)
             ... in a sewer.
             The game lasted 00:02:04 (2090 turns).

NateTC the Trooper (Minotaur Fighter)               Turns: 2090, Time: 00:02:05

Health: -1/58      AC:  6    Str: 23    XL:     6   Next: 7%
Magic:  5/5        EV:  9    Int:  5    God:
Gold:   95         SH:  4    Dex:  9    Spells: 5/5 levels left

rFire   . . .        a - +0 war axe
rCold   . . .        c - +0 buckler
rNeg    . . .        b - +0 scale mail
rPois   .            (helmet restricted)
rElec   .            (no cloak)
rCorr   .            (no gloves)
SInv    .            (no boots)
Will    +....        l - amulet of the acrobat Stlth
                     i - ring of willpower
HPRegen 0.29/turn    (no ring)
MPRegen 0.09/turn

%: acrobat
@: lethally poisoned (-1 -> -11), very slow
A: horns 2, retaliatory headbutt
a: no special abilities


You were in a sewer.
You visited 1 branch of the dungeon, and saw 3 of its levels.
You also visited: Sewer.

You collected 95 gold pieces.

Inventory:

Hand Weapons
 a - a +0 war axe (weapon)
Armour
 b - a +0 scale mail (worn)
 c - a +0 buckler (worn)
Jewellery
 i - a ring of willpower (left hand)
 l - an amulet of the acrobat (around neck)
Scrolls
 e - 3 scrolls of teleportation {unknown}
 g - 3 scrolls of identify {unknown}
 k - 3 scrolls of blinking {unknown}
 o - a scroll of amnesia {unknown}
 q - a scroll of noise {unknown}
Potions
 d - 2 potions of might
 f - 3 potions of curing {unknown}
 h - a potion of resistance {unknown}
 j - a potion of degeneration {unknown}
 m - a potion of heal wounds {unknown}
 n - 2 potions of haste {unknown}
 p - a potion of brilliance {unknown}
 r - a potion of cancellation {unknown}
 s - a potion of invisibility {unknown}


   Skills:
 - Level 6.9 Fighting
 * Level 4.9 Axes
 - Level 3.6 Armour
 - Level 3.6 Shields


You had 5 spell levels left.
You didn't know any spells.
Your spell library contained the following spells:

 Spells                   Type           Power      Damage    Failure   Level
 Summon Forest            Summ/Tloc      0%         N/A       100%        5
 Eringya's Noxious Bog    Tmut/Pois      0%         N/A       100%        6
 Summon Hydra             Summ           0%         N/A       100%        7


Dungeon Overview and Level Annotations

Branches:
Dungeon (3/15) Zot: 16259   Sewer (1/1) Zot: 5553

Altars:

Shops:
D:1 [


Innate Abilities, Weirdness & Mutations

You have a pair of horns on your head.
You reflexively headbutt those who attack you in melee.


Message History

The adder bites you.
You are more poisoned.
The adder poisons you!
The ball python bites you but does no damage.
The ball python grabs you. The ball python constricts you. The adder bites you.
You are more poisoned.
The adder poisons you!
Your unstable footing causes you to fumble your attack.
You feel very sick.
The bullfrog hits you but does no damage.
The adder bites you but does no damage. x2
The ball python bites you but does no damage.
The ball python constricts you. The frilled lizard barely misses you.
You furiously retaliate!
You headbutt the frilled lizard.
You kill the frilled lizard!
The adder barely misses you. You furiously retaliate!
You headbutt the adder! The bullfrog hits you!
* * * LOW HITPOINT WARNING * * *
The adder bites you.
* * * LOW HITPOINT WARNING * * *
The adder bites you but does no damage.
The ball python bites you but does no damage.
The ball python constricts you. The adder barely misses you.
You barely miss the adder. Your headbutt misses the adder.
The adder is severely wounded.
You slash the ball python!
You kill the ball python!
You closely miss the bullfrog. You closely miss the adder. x2
You feel very sick. The bullfrog hits you!
* * * LOW HITPOINT WARNING * * *
The adder barely misses you. You block the adder's attack.
The bullfrog closely misses you. You furiously retaliate!
You headbutt the bullfrog!
You kill the bullfrog!
The adder bites you.
* * * LOW HITPOINT WARNING * * *
You are more poisoned.
The adder poisons you! The bullfrog hits you.
You die...

.....#
.....##
#......#
......#
#......#
...~..#
#.~~~~.#
≈≈≈≈~≈#
#≈≈#~≈≈#
≈≈≈≈~≈#
#≈≈~≈≈≈#
≈≈≈≈~≈#
#≈≈~≈≈≈#
≈≈≈~≈≈#
#≈≈lSS≈#
≈~~≈≈≈#
#≈≈≈@#≈#
~≈≈≈≈≈#
#≈≈S#F≈#
~~≈≈≈≈#
#≈≈≈≈.≈#
#.~.~≈#
#≈≈≈≈.≈#
~~.(~≈#
#≈≈≈≈~≈#
#~~~~≈#
#≈≈≈~≈≈#
≈≈≈≈~~#
#≈≈≈~≈≈#
≈≈≈≈≈~#
#≈≈~~≈≈#
≈≈≈†~≈#
#≈≈~≈≈≈#


You could see a bullfrog, 3 adders and a frilled lizard.

Vanquished Creatures
  A bullfrog (Sewer)
  A scorpion (D:2)
  Natasha (D:1)
  4 adders
  7 river rats (Sewer)
  5 dart slugs
  8 bats
  An endoplasm (D:2)
  2 giant cockroaches (D:3)
  3 goblins
  4 hobgoblins
  8 jackals (D:1)
  6 kobolds
  5 quokkas
  15 ball pythons
  2 frilled lizards
  33 rats
106 creatures vanquished.

Notes
Turn   | Place    | Note
-------+----------+-------------------------------------------
     0 | D:1      | NateTC the Minotaur Fighter began the quest for the Orb.
     0 | D:1      | Reached XP level 1. HP: 19/19 MP: 0/0
   126 | D:1      | Reached XP level 2. HP: 20/27 MP: 1/1
   743 | D:1      | Found Kutar's Armour Shop.
   747 | D:1      | Reached XP level 3. HP: 33/33 MP: 2/2
  1057 | D:2      | Noticed Natasha
  1070 | D:1      | Killed Natasha
  1071 | D:1      | Reached skill level 4 in Fighting
  1071 | D:1      | Reached XP level 4. HP: 21/41 MP: 3/3
  1277 | D:2      | Noticed a scorpion
  1282 | D:2      | Killed a scorpion
  1283 | D:2      | Reached skill level 5 in Fighting
  1283 | D:2      | Reached XP level 5. HP: 37/50 MP: 4/4
  1690 | D:3      | Found a glowing drain.
  1704 | Sewer    | Entered a sewer
  1731 | Sewer    | Reached skill level 6 in Fighting
  2019 | Sewer    | Reached XP level 6. HP: 54/58 MP: 5/5
  2090 | Sewer    | Slain by a bullfrog

Illustrated notes

Levels and vault maps discovered:
D:1:      tarquinn_simple_flora_water_c, layout_loops_corners, serial_shops,
          nicolae_diamond_shop
D:2:      layout_basic, uniq_natasha
D:3:      layout_basic, nicolae_gozag_cash_rules_everything_around_me,
          portal_sewer_entry_a, minmay_misc_feat_chi, uniq_robin
Sewer:    sewer_minmay_w

Skill      XL: |  1  2  3  4  5 |
---------------+----------------+-----
Axes           | 3 4 |  4.9
Fighting       | 4 5 6 |  6.9
Armour         | |  3.6
Shields        | |  3.6

Action                     |  1- 3 |  4- 6 || total
---------------------------+-------+-------++-------
  Melee: War axe           |    78 |    95 ||   173
         Headbutt          |     9 |    10 ||    19
 Armour: Scale mail        |    37 |    58 ||    95
  Dodge: Dodged            |    39 |    85 ||   124
  Block: Buckler           |    14 |    37 ||    51
